Map: Orbital Shipyard

Players

ILLBdA - Winner!

  • Race: Protoss Protoss
  • League: Diamond

Milo

  • Race: Zerg Zerg
  • League: Master

VOD

Have the link to the VOD?

Description

Time

  • Played on: Dec. 14, 2015, 8:25 a.m.
  • Length: 8:19
Show
View Real Time Build Order
Export as new Build Order

ILLBdA Protoss - Winner!

Build Orders:  

Get SALT Encoding   

  12  0:01  Probe (Chrono Boost)  
  13  0:13  Probe (Chrono Boost)  
  14  0:19  Pylon  
  14  0:24  Probe (Chrono Boost)  
  15  0:43  Probe (Chrono Boost)  
  15  0:44  Pylon  
  16  1:02  Gateway  
  16  1:05  Gateway  
  16  1:09  Gateway  
  16  1:21  Pylon  
  16  1:29  Gateway  
  16  1:42  Probe (Chrono Boost)  
  17  1:52  Probe  
  17  1:53  Zealot (Chrono Boost)  
  22  1:55  Zealot (Chrono Boost)  
  22  1:56  Zealot (Chrono Boost)  
  24  2:04  Probe  
  23  2:16  Probe  
  23  2:18  Zealot (Chrono Boost)  
  26  2:29  Zealot (Chrono Boost)  
  30  2:39  Zealot (Chrono Boost)  
  30  2:44  Zealot (Chrono Boost)  
  30  2:47  Zealot (Chrono Boost)  
  32  2:57  Zealot (Chrono Boost)  
  32  3:06  Zealot (Chrono Boost)  
  32  3:11  Zealot x2 (Chrono Boost)  
  36  3:24  Zealot (Chrono Boost)  
  38  3:28  Pylon  
  38  3:40  Assimilator  
  38  3:44  Cybernetics Core  
  38  3:51  Assimilator  
  38  3:54  Probe (Chrono Boost)  
  39  4:04  Probe (Chrono Boost)  
  40  4:15  Probe (Chrono Boost)  
  41  4:20  Adept x2  
  41  4:23  Pylon  
  45  4:25  Probe (Chrono Boost)  
  46  4:44  Pylon  
  50  4:48  Adept  
  50  4:52  Warp Gate  
  52  4:54  Stalker  
  48  5:00  Adept  
  48  5:06  Stalker  
  50  5:15  Stalker  
  50  5:23  Stalker  
  52  5:34  Stalker  
  54  5:36  Stalker  
  54  5:45  Stalker  
  56  5:53  Stalker  
  56  6:04  Stalker  
  58  6:38  Pylon  
  58  6:53  Mothership Core (Chrono Boost)  
  60  6:55  Sentry  
  62  7:01  Sentry  
  64  7:17  Stalker  
  60  7:27  Sentry  
  60  7:37  Nexus  
  60  7:38  Pylon  
  58  8:05  Adept x4  
Show
View Real Time Build Order
Export as new Build Order

Milo Zerg 

Build Orders: Pool Only 

Get SALT Encoding   

  12  0:18  Spawning Pool  
  11  0:27  Drone x2  
  13  0:39  Extractor  
  12  0:49  Overlord  
  12  1:05  Zergling x2, Extractor  
  12  1:06  Zergling x4  
  15  1:19  Queen  
  15  1:21  Zergling x2  
  18  1:35  Zergling x2  
  18  1:38  Overlord  
  19  1:50  Drone  
  20  2:00  Drone  
  21  2:13  Zergling x2  
  19  2:21  Baneling Nest  
  18  2:25  Spore Crawler  
  18  2:28  Spine Crawler  
  18  2:29  Spine Crawler  
  16  2:30  Zergling x6  
  17  2:54  Drone  
  16  2:59  Drone  
  16  3:05  Baneling x2  
  17  3:06  Baneling  
  17  3:12  Drone  
  18  3:16  Drone  
  19  3:31  Roach Warren  
  18  3:39  Spine Crawler  
  18  3:41  Zergling x2  
  18  3:45  Zergling x2  
  19  3:50  Zergling x2  
  20  3:59  Spine Crawler  
  19  4:03  Drone  
  19  4:08  Drone  
  21  4:15  Roach  
  23  4:23  Roach  
  25  4:32  Roach  
  27  4:43  Roach  
  29  4:48  Overlord  
  26  5:01  Roach  
  25  5:08  Roach  
  25  5:13  Roach  
  29  5:22  Roach  
  31  5:37  Roach  
  33  5:48  Drone x3, Extractor  
  36  6:04  Ravager  
  36  6:06  Overlord, Zergling x2  
  37  6:19  Overlord  
  37  6:26  Drone  
  37  6:29  Ravager  
  39  6:36  Roach  
  39  6:38  Roach  
  41  6:43  Roach  
  43  6:53  Roach  
  44  7:07  Roach  
  46  7:11  Ravager  
  30  7:25  Roach x2  
  35  7:30  Drone  
  35  7:31  Drone  
Tags
 
Matchup
PvZ
Opening
Pool Only
Replay Pack
me
Add a new tag
Caveats
  • Supply blocks, unpowered buildings, or Contaminate may cause inaccurate times.
  • Supply counts are checked every 10 seconds.